 Dungeon Crawl Stone Soup version 0.25-a0-413-g3b4b6a4ccc (webtiles) character file.

Game seed: 8240041484458956928, levelgen mode: deterministic

161603 Borgoz the Warrior (level 17, -2/117 HPs)
             Began as a Gargoyle Gladiator on Jan 17, 2020.
             Was the Champion of Okawaru.
             Slain by a six-headed hydra (13 damage)
             ... called by a spriggan druid
             ... on level 4 of the Swamp.
             The game lasted 00:57:20 (31161 turns).

Borgoz the Warrior (Gargoyle Gladiator)            Turns: 31161, Time: 00:57:20

Health: -2/117     AC: 33    Str: 28    XL:     17   Next: 79%
Magic:  0/20       EV: 20    Int: 10    God:    Okawaru [******]
Gold:   2609       SH:  0    Dex: 16    Spells: 16/16 levels left

rFire    + . .     SeeInvis +   i - +3 great mace
rCold    . . .     Gourm    .   (shield currently unavailable)
rNeg     + . .     Faith    +   w - +3 scale mail {rPois}
rPois    ∞         Spirit   +   C - +2 hat {SInv}
rElec    +         Reflect  .   v - scarf {Spirit}
rCorr    .         Harm     .   c - +1 pair of gloves {Dex+3}
MR       +....                  z - +1 pair of boots
Stlth    ..........             H - amulet of faith
HPRegen  0.29/turn              D - ring of protection from fire
MPRegen  0.17/turn              o - +6 ring of strength

@: flying
A: big wings, negative energy resistance 1, electricity resistance, unbreathing,
petrification resistance, rot immunity, AC +12
a: Stop Flying, Heroism, Finesse, Renounce Religion


You were on level 4 of the Swamp.
You worshipped Okawaru.
Okawaru was exalted by your worship.
You were not hungry.

You visited 5 branches of the dungeon, and saw 28 of its levels.
You also visited: Bailey and Ice Cave.

You collected 3384 gold pieces.
You spent 775 gold pieces at shops.

Inventory:

Hand Weapons
 a - a +2 dire flail of protection
 b - a +1 vampiric hand axe
 i - a +3 great mace (weapon)
 j - a +2 battleaxe of flaming
Armour
 c - a +1 pair of gloves of dexterity (worn)
 l - the +0 cloak of Omyac {rF+}
   (You found it on level 2 of the Orcish Mines)

   It protects you from fire.
 v - a scarf of spirit shield (worn)
 w - a +3 scale mail of poison resistance (worn)
 z - a +1 pair of boots (worn)
 C - a +2 hat of see invisible (worn)
Jewellery
 o - a +6 ring of strength (right hand)
 D - a ring of protection from fire (left hand)
 H - an amulet of faith (around neck)
 I - an uncursed ring of wizardry {unknown}
 J - an uncursed amulet of the gourmand
Wands
 g - a wand of polymorph (10)
 q - a wand of acid (23)
 r - a wand of scattershot (6)
 s - a wand of iceblast (5)
 A - a wand of digging (5)
 B - a wand of enslavement (8)
 N - a wand of paralysis (13)
Scrolls
 d - 11 scrolls of teleportation
 e - 13 scrolls of remove curse
 h - 4 scrolls of immolation
 t - 4 scrolls of magic mapping
 x - a scroll of holy word {unknown}
 y - 6 scrolls of fog
 E - a scroll of fear
 F - 2 scrolls of blinking
 G - a scroll of identify
 O - a scroll of enchant armour
Potions
 k - 3 potions of haste
 m - a potion of berserk rage
 n - 8 potions of mutation
 p - a potion of might
 u - a potion of invisibility
 K - a potion of cancellation
 M - 6 potions of curing
Comestibles
 f - 48 rations


   Skills:
 + Level 17.3 Fighting
 - Level 12.2(14.3) Axes
 * Level 13.5(15.5) Maces & Flails
 - Level 1.7 Throwing
 + Level 15.1 Armour
 * Level 13.7 Dodging
 + Level 4.8 Invocations


You had 16 spell levels left.
You didn't know any spells.
Your spell library contained the following spells:

 Spells                   Type           Power        Failure   Level  Hunger
 Foxfire                  Conj/Fire      #...         54%         1    ##.....
 Magic Dart               Conj           #...         54%         1    ##.....
 Summon Butterflies       Summ           #.......     54%         1    ##.....
 Blink                    Tloc           N/A          69%         2    ###....
 Call Imp                 Summ           #.......     69%         2    ###....
 Ensorcelled Hibernation  Hex/Ice        #.....       69%         2    ###....
 Slow                     Hex            #.......     69%         2    ###....
 Call Canine Familiar     Summ           #.......     89%         3    ####...
 Conjure Flame            Conj/Fire      #.......     89%         3    ####...
 Mephitic Cloud           Conj/Pois/Air  #.......     89%         3    ####...
 Cause Fear               Hex            #.........   100%        4    #####..
 Ice Form                 Ice/Tmut       #.......     100%        4    #####..
 Sticky Flame             Conj/Fire      #.......     100%        4    #####..
 Summon Ice Beast         Ice/Summ       #.......     100%        4    #####..
 Summon Mana Viper        Hex/Summ       #.......     100%        5    ######.
 Dragon Form              Tmut           #.........   100%        7    #######
 Summon Hydra             Summ           #.........   100%        7    #######
 Dragon's Call            Summ           #.........   100%        9    #######


Dungeon Overview and Level Annotations

Branches:
Dungeon (15/15)            Temple (1/1) D:6            Lair (6/6) D:11
  Swamp (4/4) Lair:2        Snake (0/4) Lair:4        Slime (0/5) Lair:6
    Orc (2/2) D:12            Elf (0/3) Orc:2        Vaults (0/5) D:14
 Depths (0/5) D:15         Bailey (visited)           IceCv (visited)

Altars:
Ashenzari
Cheibriados
Dithmenos
Elyvilon
Fedhas
Gozag
Hepliaklqana
Kikubaaqudgha
Makhleb
Nemelex Xobeh
Okawaru
Qazlal
Ru
Sif Muna
Trog
Wu Jian
Xom
Yredelemnul
Zin
The Shining One
Beogh
Jiyva

Shops:
D:8 (   D:10 }   Orc:1 [   Orc:2 [*[(


Innate Abilities, Weirdness & Mutations

You are resistant to torment.
Your stone body is resilient. (AC +12)
You are immune to poison.
Your large and strong wings let you fly indefinitely.
You resist negative energy. (rN+)
You are resistant to electric shocks. (rElec)
You can survive without breathing.
You are immune to petrification.
You are immune to rotting.


Message History

The swamp dragon breathes poison at you.
The blast of poison misses you. The spiny frog stings you!
* * * LOW HITPOINT WARNING * * *
The swamp drake barely misses you.
The six-headed hydra closely misses you.
The six-headed hydra bites you but does no damage. x3
The six-headed hydra completely misses you.
The six-headed hydra closely misses you.
Unknown command.
You beat the six-headed hydra like a drum!!!
The six-headed hydra is heavily wounded.
The spiny frog stings you but does no damage.
The swamp dragon closely misses you.
The swamp dragon claws you but does no damage.
The swamp dragon tramples you but does no damage.
The swamp drake barely misses you.
The six-headed hydra completely misses you.
The six-headed hydra closely misses you.
The six-headed hydra bites you!
You die...

♣....≈≈♣♣≈<≈♣
≈≈..≈..≈≈♣♣≈♣♣
...♣♣♣[≈≈.≈≈≈♣♣♣♣♣
♣♣ ♣♣♣...≈§...≈♣
♣.≈≈≈..≈≈.♣
♣.≈≈≈≈♣.≈§♣
♣♣.○°°....♣
♣°Fk○≈...≈♣
♣tD@°°≈.≈♣
≈≈≈≈.≈.D°°§°♣..♣
♣♣♣♣≈.Fk§°°°≈≈≈.
≈..≈≈≈≈.°°°♣≈≈.
♣§≈≈.≈≈≈.♣♣♣♣ $.
$§≈≈....≈≈ ♣
.≈...≈≈.≈♣≈
≈≈§≈≈≈≈.♣♣


You could see an alligator, a six-headed hydra, a swamp dragon, 2 spiny frogs
and 2 swamp drakes.

Vanquished Creatures
  2 thorn hunters
  An orc warlord (Orc:2)
  A stone giant (Orc:2)
  Nessos (D:13)
  The ghost of Qeorph the Fighter, a journeyman FoAK of Lugonu (Lair:5)
  Azrael (D:15)
  An ettin (Orc:1)
  Erolcha (D:10)
  Fannar (D:10)
  9 hydras
  4 vault guards (D:14)
  2 ghost crabs
  5 catoblepae
  2 centaur warriors
  A death knight (D:15)
  Erica (D:10)
  2 shambling mangroves
  4 alligators
  10 two-headed ogres
  The ghost of Idelin the Archer, a novice CeHu of Okawaru (D:10)
  6 orc high priests
  3 tengu warriors (D:13)
  An ogre mage (D:15)
  10 death yaks (Lair:6)
  Sonja (D:10)
  5 skeletal warriors (D:11)
  2 wizards (D:15)
  2 spriggan druids
  2 unseen horrors
  A flayed ghost (D:15)
  A phantasmal warrior (D:15)
  6 orc sorcerers
  3 oklob plants (Lair:1)
  2 ugly things
  4 orc knights
  6 cyclopes
  3 spectral centaurs (D:10)
  3 deep elf magi (D:15)
  5 manticores
  The ghost of Borgoz the Skirmisher, a novice GrBe of Trog (D:7)
  8 elephants (Lair:6)
  3 black mambas
  A naga mage (D:15)
  2 ice statues (IceCv)
  3 gargoyles
  2 torpor snails
  12 spiny frogs
  Joseph (Lair:1)
  An efreet (D:15)
  A rime drake (Lair:6)
  9 komodo dragons
  A kobold demonologist (D:15)
  9 trolls
  A tengu conjurer (D:14)
  9 tyrant leeches
  13 hornets
  A polar bear (Lair:5)
  5 bog bodies
  3 blink frogs (Lair:5)
  14 slime creatures
  A hippogriff (shapeshifter) (D:15)
  14 dream sheep (Lair:6)
  11 hippogriffs
  6 spriggans (Swamp:3)
  A centaur simulacrum (D:10)
  4 wraiths
  3 vampires
  36 yaks
  A fire elemental (D:15)
  A shadow (Swamp:1)
  3 wyverns
  3 hungry ghosts
  12 vampire mosquitoes
  A basilisk (Lair:5)
  Grum (Lair:1)
  2 nagas (Lair:4)
  3 wargs
  10 swamp worms
  3 acid dragons
  7 porcupines
  27 water moccasins
  3 hell hounds (D:15)
  8 swamp drakes
  2 sky beasts
  52 orc warriors
  8 ice beasts
  3 phantoms
  A black bear (D:11)
  23 ogres
  An eye of draining (D:12)
  3 boggarts (D:15)
  21 wolves
  19 centaurs
  3 big kobolds
  7 crocodiles
  Blork the orc (D:4)
  15 bullfrogs
  A wyvern zombie (D:14)
  A water moccasin zombie (D:7)
  A wyvern skeleton (D:14)
  2 scorpions
  4 killer bees (D:13)
  12 wights
  4 electric eels
  A spectral bullfrog (D:10)
  3 centaur zombies
  2 bullfrog zombies (D:9)
  12 crimson imps
  8 jellies
  27 orc wizards
  2 quasits
  29 orc priests
  8 hounds
  4 bullfrog skeletons
  7 centaur skeletons
  4 iguanas
  13 worker ants
  A hound zombie (D:6)
  A hound skeleton (D:7)
  2 worker ant zombies (D:5)
  22 adders
  13 gnolls (Bailey)
  5 shadow imps
  7 oozes
  3 adder skeletons
  An adder zombie (D:7)
  2 worms (D:4)
  2 dart slugs (D:1)
  7 leopard geckos
  146 orcs
  3 giant cockroaches (D:2)
  7 goblins
  18 hobgoblins
  12 jackals
  26 kobolds
  3 quokkas
  3 ball pythons (D:1)
  7 bats
  4 frilled lizards
  A leopard gecko zombie (D:6)
  9 rats
  3 briar patches (Swamp:3)
  A bush (Lair:4)
  A fungus (Lair:1)
  6 plants
998 creatures vanquished.

Vanquished Creatures (others)
  An ugly thing (IceCv)
  A hornet (Swamp:2)
  A swamp drake (Swamp:2)
  2 orc wizards (Orc:2)
  A shadow imp (D:13)
  2 orcs (D:11)
  A bush (Lair:4)
  A fungus (Lair:4)
  4 plants
  3 toadstools (D:12)
17 creatures vanquished.

Grand Total: 1015 creatures vanquished

Notes
Turn   | Place    | Note
-------+----------+-------------------------------------------
     0 | D:1      | Borgoz the Gargoyle Gladiator began the quest for the Orb.
     0 | D:1      | Reached XP level 1. HP: 12/12 MP: 1/1
   106 | D:1      | Reached XP level 2. HP: 6/18 MP: 2/2
   353 | D:1      | Reached skill level 1 in Armour
   475 | D:1      | Reached XP level 3. HP: 22/22 MP: 3/3
   989 | D:2      | Reached skill level 3 in Fighting
   989 | D:2      | Reached XP level 4. HP: 24/28 MP: 4/4
  1197 | D:2      | Found a sparkling altar of Nemelex Xobeh.
  2199 | D:4      | Noticed an ogre
  2211 | D:4      | Killed an ogre
  2211 | D:4      | Reached XP level 5. HP: 33/33 MP: 5/5
  2401 | D:4      | Reached XP level 6. HP: 33/38 MP: 6/6
  2625 | D:4      | Reached skill level 4 in Fighting
  2926 | D:4      | Noticed a phantom
  2953 | D:4      | Killed a phantom
  2953 | D:4      | Reached XP level 7. HP: 38/44 MP: 7/7
  3076 | D:4      | Noticed Blork the orc
  3098 | D:4      | Killed Blork the orc
  3137 | D:5      | Entered Level 5 of the Dungeon
  3145 | D:5      | Noticed a hippogriff
  3162 | D:5      | HP: 3/66 [hippogriff (4)]
  3164 | D:5      | Killed a hippogriff
  3164 | D:5      | Reached skill level 5 in Maces & Flails
  3167 | D:5      | Reached skill level 5 in Fighting
  3497 | D:5      | Reached XP level 8. HP: 44/49 MP: 8/8
  3725 | D:5      | Reached skill level 5 in Armour
  4129 | D:5      | Found a sacrificial altar of Ru.
  4448 | D:6      | Reached skill level 6 in Fighting
  4672 | D:6      | Found a staircase to the Ecumenical Temple.
  4695 | D:6      | Reached skill level 5 in Dodging
  5174 | D:6      | Reached XP level 9. HP: 31/56 MP: 9/9
  5552 | Temple   | Entered the Ecumenical Temple
  5601 | Temple   | Became a worshipper of Warmaster Okawaru
  5841 | D:7      | Found a runed translucent gate.
  5857 | D:7      | Found a runed translucent gate.
  5857 | D:7      | Found a runed translucent gate.
  5857 | D:7      | Noticed Borgoz's ghost (novice GrBe)
  6237 | D:7      | Reached skill level 7 in Fighting
  6271 | D:7      | Reached skill level 1 in Invocations
  6414 | D:7      | Reached * piety under Okawaru
  6584 | D:8      | Noticed a two-headed ogre
  6595 | D:8      | Found Vatzukea's Antique Weapon Shoppe.
  6850 | D:8      | Noticed a cacodemon
  6851 | D:8      | Found a burning altar of Makhleb.
  6854 | D:8      | Found a glowing silver altar of Zin.
  6855 | D:8      | Noticed an angel
  7099 | D:9      | Reached ** piety under Okawaru
  7147 | D:9      | Reached XP level 10. HP: 64/64 MP: 12/12
  7336 | D:8      | Killed a two-headed ogre
  7336 | D:8      | Reached skill level 8 in Fighting
  7496 | D:8      | Bought an encrusted hand axe for 192 gold pieces
  7511 | D:8      | Identified the +7 hand axe of an ossuary {flame, Dex+5}
                  | (You bought it in a shop on level 8 of the Dungeon)
  7960 | D:9      | Reached skill level 1 in Axes
  8131 | D:9      | Found a shimmering altar of Xom.
  8131 | D:9      | Found a stormy altar of Qazlal.
  8542 | D:9      | Reached *** piety under Okawaru
  8668 | D:9      | Found a roughly hewn altar of Beogh.
  8799 | D:7      | Killed Borgoz's ghost
  8877 | D:10     | Entered Level 10 of the Dungeon
  8888 | D:10     | Noticed Sonja
  8891 | D:10     | Noticed Erolcha
  8894 | D:10     | Killed Sonja
  8894 | D:10     | Reached **** piety under Okawaru
  8894 | D:10     | Reached skill level 9 in Fighting
  8906 | D:10     | Killed Erolcha
  8906 | D:10     | Reached skill level 5 in Axes
  8906 | D:10     | Reached XP level 11. HP: 71/71 MP: 10/13
  8981 | D:10     | Got an encrusted trident
  9000 | D:10     | Reached ***** piety under Okawaru
  9128 | D:10     | Noticed a cyclops
  9136 | D:10     | Killed a cyclops
  9211 | D:10     | Noticed Erica
  9221 | D:10     | Killed Erica
  9230 | D:10     | Noticed Fannar
  9242 | D:10     | Killed Fannar
  9497 | D:10     | Found a runed translucent gate.
  9497 | D:10     | Found a runed translucent gate.
  9498 | D:10     | Found a runed translucent gate.
  9499 | D:10     | Noticed Idelin's ghost (novice CeHu)
  9514 | D:10     | Reached skill level 10 in Fighting
  9518 | D:10     | Received a gift from Okawaru
  9534 | D:10     | Killed Idelin's ghost
  9745 | D:10     | Found Weakyann's Gadget Emporium.
 10030 | D:11     | Noticed a two-headed ogre
 10042 | D:11     | Killed a two-headed ogre
 10042 | D:11     | Reached skill level 10 in Armour
 10099 | D:11     | Found a staircase to the Lair.
 10113 | D:11     | Reached XP level 12. HP: 75/79 MP: 11/14
 10126 | D:11     | Reached skill level 11 in Fighting
 10499 | D:11     | Reached skill level 12 in Fighting
 10719 | D:11     | Found a shadowy altar of Dithmenos.
 11163 | D:11     | Reached ****** piety under Okawaru
 11648 | D:12     | Noticed a two-headed ogre
 11662 | D:12     | Killed a two-headed ogre
 11662 | D:12     | Reached skill level 10 in Axes
 11852 | D:12     | HP: 3/82 [hippogriff (2)]
 11855 | D:12     | Found a staircase to the Orcish Mines.
 12237 | D:13     | Noticed a two-headed ogre
 12398 | D:13     | Killed a two-headed ogre
 12398 | D:13     | Reached skill level 13 in Fighting
 12398 | D:13     | Reached XP level 13. HP: 81/88 MP: 12/15
 12884 | D:13     | Received a gift from Okawaru
 12922 | D:13     | Noticed Nessos
 12948 | D:13     | Received a gift from Okawaru
 12966 | D:13     | Killed Nessos
 13341 | D:13     | Reached skill level 14 in Fighting
 13910 | D:13     | Reached skill level 10 in Dodging
 14363 | D:14     | Found a flagged portal.
 14376 | Bailey   | Entered a bailey
 14905 | D:14     | Found a gate to the Vaults.
 14905 | D:14     | Noticed a vault guard
 14905 | D:14     | Noticed a vault guard
 14905 | D:14     | Noticed a vault guard
 14906 | D:14     | Noticed a vault guard
 14914 | D:14     | Killed a vault guard
 14924 | D:14     | Killed a vault guard
 14924 | D:14     | Received a gift from Okawaru
 14934 | D:14     | Killed a vault guard
 14943 | D:14     | Killed a vault guard
 14948 | D:14     | Gained mutation: Your large and strong wings let you fly
                  | indefinitely. [Gargoyle growth]
 14948 | D:14     | Reached XP level 14. HP: 56/96 MP: 10/16
 15148 | D:14     | Reached skill level 15 in Fighting
 15431 | D:15     | Entered Level 15 of the Dungeon
 16111 | D:15     | Found a blossoming altar of Fedhas.
 16228 | D:15     | Noticed Azrael
 16250 | D:15     | Killed Azrael
 16250 | D:15     | Received a gift from Okawaru
 16587 | D:15     | Reached XP level 15. HP: 55/104 MP: 5/17
 16717 | D:15     | Paralysed by a wizard for 5 turns
 16782 | D:15     | Found a staircase to the Depths.
 16806 | D:15     | Reached skill level 16 in Fighting
 17159 | Lair:1   | Entered Level 1 of the Lair of Beasts
 17173 | Lair:1   | Reached skill level 10 in Maces & Flails
 17313 | Lair:1   | Noticed Grum
 17327 | Lair:1   | Killed Grum
 17369 | Lair:1   | Noticed Joseph
 17389 | Lair:1   | Killed Joseph
 18470 | Lair:2   | Found a staircase to the Swamp.
 19113 | Lair:3   | Found a frozen archway.
 19159 | Lair:3   | Got a fine trident
 19200 | IceCv    | Entered an ice cave
 19201 | IceCv    | Found a transporter.
 19231 | IceCv    | Found a transporter.
 19270 | IceCv    | Identified the Tome of Snow and the Blaze
 19968 | Lair:3   | Reached XP level 16. HP: 110/110 MP: 18/18
 20474 | Lair:4   | Found a staircase to the Snake Pit.
 21204 | Lair:5   | Found a transporter.
 21204 | Lair:5   | Noticed Qeorph's ghost (journeyman FoAK)
 21326 | Lair:5   | Received a gift from Okawaru
 21587 | Lair:5   | Found a transporter.
 22265 | Lair:5   | Killed Qeorph's ghost
 22350 | Lair:6   | Entered Level 6 of the Lair of Beasts
 22727 | Lair:6   | Received a gift from Okawaru
 23858 | Lair:6   | Found a viscous altar of Jiyva.
 23859 | Lair:6   | Found a staircase to the Slime Pits.
 24318 | Lair:1   | Identified a scroll of acquirement
 24318 | Lair:1   | Identified the +2 helmet of Midwinter {*Corrode Int+2
                  | Slay+2 Stlth+} (You acquired it on level 1 of the Lair of
                  | Beasts)
 24318 | Lair:1   | Identified the +6 triple sword of Laceration {protect,
                  | rElec rN++ Str-5 Dex+3} (You acquired it on level 1 of the
                  | Lair of Beasts)
 24387 | Orc:1    | Entered Level 1 of the Orcish Mines
 24670 | Orc:1    | Found Wepus's Antique Armour Emporium.
 24711 | Orc:2    | Entered Level 2 of the Orcish Mines
 25002 | Orc:1    | HP: 5/111 [orc/+0 hand axe (2)]
 25003 | Orc:1    | HP: 2/111 [warg (3)]
 25677 | Orc:2    | Found Finn's General Store.
 25780 | Orc:2    | Received a gift from Okawaru
 25781 | Orc:2    | Found Myenweme's Armour Emporium.
 25815 | Orc:2    | Bought a +1 pair of gloves of dexterity for 247 gold pieces
 26071 | Orc:2    | Found a roughly hewn altar of Beogh.
 26267 | Orc:2    | Reached XP level 17. HP: 94/116 MP: 16/19
 26489 | Orc:2    | Found a roughly hewn altar of Beogh.
 26537 | Orc:2    | Found Lycaer's Antique Weapon Emporium.
 26934 | Orc:2    | Found Laompos's Antique Armour Boutique.
 27272 | Orc:2    | Reached skill level 17 in Fighting
 27302 | Orc:2    | Got an ancient cloak
 27313 | Orc:2    | Identified the cursed +0 cloak of Omyac {rF+} (You found it
                  | on level 2 of the Orcish Mines)
 27391 | Orc:2    | Found a staircase to the Elven Halls.
 27629 | Orc:2    | Bought a scroll of teleportation for 36 gold pieces
 27629 | Orc:2    | Bought 2 potions of haste for 240 gold pieces
 27629 | Orc:2    | Bought a potion of berserk rage for 60 gold pieces
 27788 | Swamp:1  | Entered Level 1 of the Swamp
 27840 | Swamp:1  | Received a gift from Okawaru
 28869 | Swamp:2  | Reached skill level 15 in Armour
 30275 | Swamp:3  | Found a hazy altar of Hepliaklqana.
 31131 | Swamp:4  | Entered Level 4 of the Swamp
 31161 | Swamp:4  | Slain by a six-headed hydra

Levels and vault maps discovered:
D:1:      tarquinn_simple_flora_water_d, layout_loops_ring,
          minmay_misc_feat_pillars
D:2:      layout_loops_corners, nemelex_xobeh_ov_fountains_minmay
D:3:      layout_basic
D:4:      layout_loops_ring, first_ration, uniq_blork_the_orc
D:5:      cheibrodos_helix_gallery, layout_basic, hangedman_ru_absence
D:6:      layout_gridville, temple_statues, minmay_manual_mail
D:7:      layout_cave_pools, ebering_ghost_rock_garden
D:8:      layout_basic, grunt_temple_overflow_order_and_chaos_2, serial_shops,
          shop_fountains, hangedman_little_slice_of_home
D:9:      layout_roguey, amethyst_overflow_temple_binary, special_room
          [special_room_orc]
D:10:     layout_gridville, serial_shops, shop_fountains,
          gammafunk_ghost_necromancy, uniq_sonja, uniq_erica, uniq_erolcha,
          uniq_fannar
D:11:     layout_cave_pods, erik_lair_island, grunt_dithmenos_smoke
D:12:     minmay_inner_zag, layout_basic, orc_0_dummy, minmay_gold_behind_fungi
D:13:     layout_layer_cave, uniq_nessos
D:14:     layout_roguey, lightli_vaults_fourway_checkpoint, enter_bailey_7,
          hangedman_decor_lopped, minivault_16, kennysheep_nub
D:15:     grunt_enter_depths_magical_seal, layout_basic,
          chequers_serial_rivers_small_3, minmay_misc_feat_doors,
          fedhas_altar_1, uniq_azrael
Temple:   nicolae_temple_elliptical
Lair:1:   layout_misc_corridors, minivault_19, minmay_lair_oklob_chamber,
          lemuel_fruit_tree, grunt_megastairs_5, serial_bayou_shore_a,
          uniq_grum, uniq_joseph
Lair:2:   layout_regular_city, minmay_swamp_entry_reptiles
Lair:3:   layout_cave_pods, portal_ice_cave_entry_pillars_1
Lair:4:   layout_small_grid, guppyfry_snake_entry_island, minmay_hedge_maze,
          wad_woods_road_01
Lair:5:   lemuel_reptile_caves, layout_regular_city, gammafunk_ghost_arena,
          infiniplex_staircase_pool
Lair:6:   evilmike_catoblepas_cave, layout_small_grid,
          dpeg_slime_entry_enclosed_altar, minmay_stone_trees_medium,
          serial_bayou_lagoon_b
Swamp:1:  layout_basic_swamp, nicolae_swamp_round_clearing
Swamp:2:  layout_falls_marsh, nicolae_swamp_treefoil, swamp_pool1
Swamp:3:  layout_basic_swamp, lemuel_altar_in_water, swamp_pool3
Swamp:4:  swamp_old_school, layout_basic_swamp, swamp_pool1
Orc:1:    layout_caves, serial_shops, nicolae_shop_behind_doors
Orc:2:    pubby_orc_utopia

Skill      XL: |  1  2  3  4  5  6  7  8  9 10 11 12 13 14 15 16 17 |
---------------+----------------------------------------------------+-----
Armour         | 1 2 3 4 5 7 8 10 11 12 13 14 15 | 15.1
Fighting       | 3 4 5 6 7 9 10 13 14 15 16 17 | 17.3
Dodging        | 3 4 5 6 7 8 9 10 11 12 13 | 13.7
Maces & Flails | 4 5 6 7 9 10 12 13 | 13.5
Invocations    | 2 3 4 |  4.8
Axes           | 5 7 10 12 | 12.2
Throwing       | |  1.7

Action                   |  1- 3 |  4- 6 |  7- 9 | 10-12 | 13-15 | 16-18 || total
-------------------------+-------+-------+-------+-------+-------+-------++-------
Melee: Flail             |   112 |   192 |   478 |    41 |       |       ||   823
       Hand axe          |       |       |       |   635 |   907 |   742 ||  2284
       Punch             |       |       |       |     2 |       |     1 ||     3
       Dire flail        |       |       |       |       |       |   412 ||   412
       Great mace        |       |       |       |       |       |   499 ||   499
       Executioner's axe |       |       |       |       |       |    24 ||    24
Throw: Throwing net      |       |     1 |     4 |       |       |       ||     5
Invok: Heroism           |       |       |       |    10 |    10 |    11 ||    31
       Finesse           |       |       |       |     2 |       |     1 ||     3
 Abil: Fly               |       |       |       |       |     1 |       ||     1
Evoke: Wand              |       |       |       |     5 |     5 |     2 ||    12
  Use: Scroll            |       |     4 |     4 |     5 |     9 |    17 ||    39
       Potion            |       |     1 |     7 |     6 |     4 |     9 ||    27
 Stab: Held in net/web   |       |     1 |       |       |       |       ||     1
       Petrifying        |       |       |       |       |       |     3 ||     3
       Petrified         |       |       |       |       |       |     2 ||     2
       Confused          |       |       |       |       |       |     4 ||     4
  Eat: Chunk             |       |     6 |    15 |    20 |    27 |    45 ||   113
Armor: Leather armour    |    66 |     8 |       |       |       |       ||    74
       Scale mail        |       |    86 |   362 |   202 |   307 |   680 ||  1637
       Skin              |       |       |    23 |       |       |       ||    23
Dodge: Dodged            |   105 |   122 |   397 |   439 |   585 |  1494 ||  3142
Block: Buckler           |       |       |       |    82 |   195 |    73 ||   350

Table legend:
 A = Non-vault XP
 B = Vault XP
 C = Vault XP percentage of total XP
 D = Non-vault monster count
 E = Vault monster count
 F = Vault count percentage of total count
                 A         B        C        D         E       F
            +---------+---------+-------+---------+---------+-------
      Total |  121835 |   71954 |  37.1 |     633 |     357 |  36.1
            +---------+---------+-------+---------+---------+-------
        D:1 |      62 |       0 |   0.0 |      31 |       0 |   0.0
        D:2 |      61 |       0 |   0.0 |      19 |       0 |   0.0
        D:3 |      38 |       0 |   0.0 |      12 |       0 |   0.0
        D:4 |     476 |      96 |  16.8 |      20 |       1 |   4.8
        D:5 |     850 |     156 |  15.5 |      11 |       2 |  15.4
        D:6 |     665 |      57 |   7.9 |      18 |       3 |  14.3
        D:7 |    1224 |     506 |  29.2 |      31 |       1 |   3.1
        D:8 |    1839 |     299 |  14.0 |      25 |       9 |  26.5
        D:9 |    1158 |     630 |  35.2 |      28 |      23 |  45.1
       D:10 |    2067 |    6477 |  75.8 |      21 |      11 |  34.4
       D:11 |   10891 |     806 |   6.9 |      65 |       7 |   9.7
       D:12 |    3628 |     525 |  12.6 |      11 |       3 |  21.4
       D:13 |   10763 |    1344 |  11.1 |      45 |       1 |   2.2
       D:14 |    4134 |    6930 |  62.6 |      19 |      16 |  45.7
       D:15 |   11479 |    9010 |  44.0 |      43 |      17 |  28.3
     Lair:1 |    1259 |    3875 |  75.5 |       8 |      12 |  60.0
     Lair:2 |    2847 |     327 |  10.3 |      11 |       4 |  26.7
     Lair:3 |    4738 |       0 |   0.0 |      15 |       0 |   0.0
     Lair:4 |    2107 |     335 |  13.7 |       8 |       2 |  20.0
     Lair:5 |    4362 |    6074 |  58.2 |      19 |      35 |  64.8
     Lair:6 |   15958 |   10867 |  40.5 |      40 |      23 |  36.5
    Swamp:1 |   10622 |       0 |   0.0 |      29 |       0 |   0.0
    Swamp:2 |   12634 |       0 |   0.0 |      31 |       0 |   0.0
    Swamp:3 |   11955 |       0 |   0.0 |      31 |       0 |   0.0
    Swamp:4 |    1082 |       0 |   0.0 |       2 |       0 |   0.0
      Orc:1 |    4936 |       0 |   0.0 |      40 |       0 |   0.0
      Orc:2 |       0 |   20409 | 100.0 |       0 |     143 | 100.0
     Bailey |       0 |     775 | 100.0 |       0 |      34 | 100.0
      IceCv |       0 |    2456 | 100.0 |       0 |      10 | 100.0
            +---------+---------+-------+---------+---------+-------
